 Dungeon Sprint DCSS version 0.21.1-1-g345015f (webtiles) character file.

577 Fang the Fighter (level 7, -4/79 HPs)
             Began as a Gargoyle Berserker on June 23, 2018.
             Was a High Priest of Trog.
             Slain by an 11-headed hydra (12 damage)
             ... in the Dungeon (Sprint IX: "|||||||||||||||||||||||||||||").
             The game lasted 00:00:50 (246 turns).

Fang the Fighter (Gargoyle Berserker)                Turns: 246, Time: 00:00:50

Health: -4/79      AC:  7    Str: 27    XL:     7   Next: 35%
Magic:  4/7        EV: 15    Int: 11    God:    Trog [*****.]
Gold:   0          SH:  0    Dex:  9    Spells: 6/6 levels left

rFire    . . .     SeeInvis .   n - +3 war axe (chop)
rCold    . . .     Gourm    .   (no shield)
rNeg     + . .     Faith    .   b - +0 animal skin
rPois    ∞         Spirit   .   (no helmet)
rElec    +         Reflect  .   (no cloak)
rCorr    .         Harm     .   (no gloves)
MR       .....     NoTele   +   (no boots)
Stlth    ..........             (no amulet)
HPRegen  0.23/turn              p - +3 ring of intelligence
MPRegen  0.10/turn              o - +2 ring of evasion

@: berserking (expiring), very quick
A: negative energy resistance 1, electricity resistance, unbreathing,
petrification resistance, rot immunity, AC +4
a: Berserk, Trog's Hand, Brothers in Arms, Burn Spellbooks, Renounce Religion


You were in the Dungeon.
You worshipped Trog.
Trog was extremely pleased with you.
You were hungry.

You visited 1 branch

Inventory:

Hand Weapons
 a - a +0 hand axe
 n - a +3 war axe of chopping (weapon)
Armour
 b - a +0 animal skin (worn)
Jewellery
 o - a +2 ring of evasion (right hand)
 p - a +3 ring of intelligence (left hand)
Wands
 m - a wand of acid (10)
Scrolls
 i - 2 scrolls of blinking
 l - 3 scrolls of remove curse
Potions
 d - 5 potions of curing
 e - 3 potions of heal wounds
 f - a potion of haste
 g - 4 potions of magic
 h - a potion of berserk rage
 k - a potion of invisibility
Comestibles
 c - a ration
 j - 5 chunks of flesh


   Skills:
 + Level 10.3 Fighting
 + Level 10.0 Axes
 + Level 5.0 Armour
 + Level 4.8 Dodging


You had 6 spell levels left.
You didn't know any spells.

Dungeon Overview and Level Annotations

Branches:
Dungeon (1/1)

Altars:
Cheibriados
Dithmenos
Elyvilon
Fedhas
Gozag
Hepliaklqana
Kikubaaqudgha
Makhleb
Nemelex Xobeh
Okawaru
Qazlal
Ru
Sif Muna
Trog
Uskayaw
Vehumet
Wu Jian
Xom
Yredelemnul
Zin
The Shining One
Beogh
Jiyva
Lugonu


Innate Abilities, Weirdness & Mutations

You are resistant to torment.
Your stone body is resilient. (AC +4)
You are immune to poison.
You resist negative energy. (rN+)
You are resistant to electric shocks. (rElec)
You can survive without breathing.
You are immune to petrification.
You are immune to rotting.


Message History

The nine-headed hydra is moderately wounded.
Unknown command.
You hack one of the nine-headed hydra's heads off!
The eight-headed hydra grows two more!
You slice the ten-headed hydra!!
The ten-headed hydra is heavily wounded.
The ten-headed hydra bites you. x2; The ten-headed hydra barely misses you.
The ten-headed hydra bites you. The ten-headed hydra barely misses you.
The ten-headed hydra bites you!
* * * LOW HITPOINT WARNING * * *
The ten-headed hydra barely misses you. The ten-headed hydra misses you. x2
The ten-headed hydra bites you!
* * * LOW HITPOINT WARNING * * *
You are too injured to fight recklessly!
Unknown command.
You are too injured to fight recklessly!
You hack one of the ten-headed hydra's heads off!
The nine-headed hydra grows two more!
You slash the 11-headed hydra!
The 11-headed hydra is heavily wounded.
The 11-headed hydra bites you!
You die...

▓+▓
▓.▓
▓.▓
▓.▓
▓o▓
▓l▓
▓D▓
▓@▓
▓)▓
▓.▓
▓.▓
▓.▓
▓.▓
▓)▓
▓)▓
▓.▓


You could see a 11-headed hydra, a basilisk and an orc.

Vanquished Creatures
  2 ogres (D)
  An eye of draining (D)
  2 centaurs (D)
  A bullfrog (D)
  A crimson imp (D)
  An orc wizard (D)
  A gnoll (D)
  An adder (D)
  A shadow imp (D)
  An adder zombie (D)
  2 dart slugs (D)
  A bat skeleton (D)
  A ball python skeleton (D)
  A kobold (D)
  2 rats (D)
19 creatures vanquished.

Notes
Turn   | Place    | Note
-------+----------+-------------------------------------------
     0 | D        | Fang the Gargoyle Berserker began the quest for the Orb.
     0 | D        | Reached XP level 1. HP: 14/14 MP: 1/1
     9 | D        | Reached ** piety under Trog
    12 | D        | Reached XP level 2. HP: 20/20 MP: 2/2
    64 | D        | Noticed a centaur
    68 | D        | Reached *** piety under Trog
    74 | D        | Killed a centaur
    74 | D        | Reached skill level 5 in Axes
    74 | D        | Reached XP level 3. HP: 28/28 MP: 3/3
    74 | D        | Reached XP level 4. HP: 32/32 MP: 4/4
   130 | D        | Found a roughly hewn altar of Beogh.
   130 | D        | Found a snail-covered altar of Cheibriados.
   130 | D        | Found a shadowy altar of Dithmenos.
   130 | D        | Found a white marble altar of Elyvilon.
   130 | D        | Found a blossoming altar of Fedhas.
   130 | D        | Found an opulent altar of Gozag.
   131 | D        | Found a hazy altar of Hepliaklqana.
   132 | D        | Found a viscous altar of Jiyva.
   133 | D        | Found an ancient bone altar of Kikubaaqudgha.
   134 | D        | Found a corrupted altar of Lugonu.
   135 | D        | Found a burning altar of Makhleb.
   136 | D        | Found a sparkling altar of Nemelex Xobeh.
   137 | D        | Found an iron altar of Okawaru.
   138 | D        | Found a stormy altar of Qazlal.
   139 | D        | Found a sacrificial altar of Ru.
   140 | D        | Found a deep blue altar of Sif Muna.
   141 | D        | Found a bloodstained altar of Trog.
   142 | D        | Found a hide-covered altar of Uskayaw.
   143 | D        | Found a radiant altar of Vehumet.
   144 | D        | Found an ornate altar of the Wu Jian Council.
   145 | D        | Found a shimmering altar of Xom.
   146 | D        | Found a basalt altar of Yredelemnul.
   147 | D        | Found a glowing silver altar of Zin.
   148 | D        | Found a glowing golden altar of the Shining One.
   176 | D        | Noticed an ogre
   176 | D        | Noticed a centaur
   178 | D        | Reached **** piety under Trog
   178 | D        | Reached XP level 5. HP: 37/37 MP: 5/5
   184 | D        | Killed a centaur
   186 | D        | Killed an ogre
   186 | D        | Reached XP level 6. HP: 45/45 MP: 6/6
   191 | D        | Reached ***** piety under Trog
   232 | D        | Noticed an eight-headed hydra
   232 | D        | Noticed a basilisk
   232 | D        | Noticed an eye of draining
   237 | D        | Killed an eye of draining
   237 | D        | Received a gift from Trog
   240 | D        | Reached skill level 10 in Fighting
   240 | D        | Reached XP level 7. HP: 52/52 MP: 4/7
   242 | D        | Reached skill level 10 in Axes
   242 | D        | Reached skill level 5 in Armour
   246 | D        | Slain by an 11-headed hydra

Skill      XL: |  1  2  3  4  5  6  7 |
---------------+----------------------+-----
Axes           | 3 5 6 8 9 10 | 10.0
Fighting       | 4 6 8 10 | 10.3
Dodging        | 3 4 |  4.8
Armour         | 3 4 5 |  5.0

Action                   |  1- 3 |  4- 6 |  7- 9 || total
-------------------------+-------+-------+-------++-------
Melee: Hand axe          |    19 |     1 |       ||    20
       War axe           |       |    19 |     5 ||    24
Invok: Berserk           |     2 |     2 |       ||     4
  Eat: Chunk             |       |     1 |       ||     1
Armor: Animal skin       |     1 |     3 |     2 ||     6
Dodge: Dodged            |    13 |     8 |     7 ||    28
